AoeStats
← 心念无我

Nomad

509345146Analyzed
2v2 RM · 7d ago on Sep 26, 2026· 77m 54s· 4 players
Game mode
Random Map
Map size
176×176
Population
200
Speed
Normal
Resources
Standard
Victory
Conquest
Starting age
Dark Age
Ending age
Imperial Age
RankedLock teamsTeams togetherTeam positionsShared explorationLock speedFull tech treeHidden civsTurbo modeCheats
Victory
Defeat
🇨🇳 Vietnamese · China
495
+16
🇪🇸 Khmer · Spain
448
+18
🇬🇧 Persians · United Kingdom
493
-17
🇬🇧 Goths · United Kingdom
492
-17
IllusiveBread19
4:09 Loom
17:37 Feudal Age
18:08 Double-Bit Axe
18:49 Fishing Lines
24:21 Stone Mining
24:26 Gold Mining
24:50 Scale Mail Armor
25:03 Forging
24:45 Fletching
28:23 Castle Age
30:05 Stone Shaft Mining
30:07 Chain Mail Armor
30:32 Iron Casting
29:55 Bodkin Arrow
34:17 Bow Saw
34:52 Anarchy
35:58 Gillnets
37:35 Squires
40:11 Imperial Age
44:33 Blast Furnace
43:34 Bracer
45:07 Town Watch
45:59 Wheelbarrow
47:09 Elite Huskarl
48:10 Conscription
47:22 Sappers
56:49 Town Patrol
57:08 Hand Cart
62:43 Two-Man Saw
61:27 Horse Collar
ElderGecko965
6:13 Loom
14:00 Feudal Age
14:22 Arson
19:01 Man-at-Arms
20:43 Horse Collar
22:04 Forging
22:48 Scale Mail Armor
22:49 Fishing Lines
24:01 Fletching
26:50 Padded Archer Armor
26:56 Gold Mining
33:27 Wheelbarrow
32:42 Town Watch
52:55 Castle Age
57:48 Stone Mining
61:43 Stone Shaft Mining
62:43 Ballistics
67:29 Masonry
68:29 Murder Holes
70:12 Double-Bit Axe
72:09 Bow Saw
73:32 Crossbowman
74:18 Thumb Ring
77:47 Gold Shaft Mining
心念无我
18:01 Feudal Age
18:26 Man-at-Arms
20:35 Double-Bit Axe
20:33 Horse Collar
21:57 Arson
22:51 Wheelbarrow
31:03 Castle Age
31:09 Elite Skirmisher
31:15 Long Swordsman
33:50 Hand Cart
34:38 Bow Saw
34:55 Squires
38:17 Stone Mining
38:17 Gold Mining
40:04 Caravan
48:24 Imperial Age
47:57 Stone Shaft Mining
49:05 Heavy Plow
48:41 Imperial Skirmisher
50:45 Two-Man Saw
50:13 Two-Handed Swordsman
52:16 Heated Shot
54:30 Ballistics
55:11 Chemistry
56:06 Crop Rotation
56:49 Elite Rattan Archer
59:05 Paper Money
61:34 Forging
61:25 Scale Mail Armor
61:29 Padded Archer Armor
61:19 Fletching
61:45 Elite Battle Elephant
73:33 Leather Archer Armor
73:14 Bodkin Arrow
78:53 Ring Archer Armor
78:24 Bracer
DuplexPeak9929
3:18 Loom
13:48 Feudal Age
14:13 Horse Collar
14:21 Double-Bit Axe
15:23 Wheelbarrow
15:08 Gold Mining
19:23 Bloodlines
25:10 Castle Age
23:44 Scale Barding Armor
25:55 Stone Mining
26:41 Gold Shaft Mining
25:42 Light Cavalry
26:22 Husbandry
29:11 Hand Cart
28:44 Town Watch
29:48 Stone Shaft Mining
30:22 Town Patrol
33:23 Bow Saw
33:16 Heavy Plow
33:49 Chain Barding Armor
33:42 Forging
33:33 Padded Archer Armor
33:23 Fletching
35:40 Tusk Swords
39:30 Imperial Age
42:30 Elite Ballista Elephant
43:31 Conscription
44:51 Double Crossbow
45:07 Hussar
54:50 Crop Rotation
55:07 Plate Barding Armor
55:08 Iron Casting
55:11 Capped Ram
56:48 Siege Ram
60:24 Hoardings
59:20 Sappers
61:13 Cavalier
67:56 Caravan
72:52 Blast Furnace
71:52 Scale Mail Armor
Connection lost

Rejoining the realm…

Still unreachable

The connection could not be restored.

Session expired

The server has moved on; the page needs a fresh start.